Map: [ESL] Data-C

Players

ArT

  • Race: Protoss Protoss
  • Spawn Location: 3:00

MaxPax - Winner!

  • Race: Protoss Protoss
  • Spawn Location: 9:00

Event: DreamHack SC2 Masters 2022 Atlanta (Online)

VOD

https://youtu.be/en8l2gy-53o

Description

Time

  • Played on: Sept. 30, 2022, 10:56 a.m.
  • Length: 8:31

All games in this series

Show
View Real Time Build Order
Export as new Build Order

ArT Protoss 

Build Orders: Mass Phoenix 

Get SALT Encoding   

  12  0:00  Probe  
  13  0:12  Probe  
  14  0:19  Pylon  
  14  0:24  Probe (Chrono Boost)  
  15  0:38  Probe (Chrono Boost)  
  15  0:39  Gateway  
  16  0:45  Probe (Chrono Boost)  
  16  0:47  Assimilator  
  17  0:52  Probe (Chrono Boost)  
  18  0:58  Assimilator  
  18  1:04  Probe (Chrono Boost)  
  18  1:09  Gateway  
  19  1:13  Probe (Chrono Boost)  
  20  1:18  Probe  
  21  1:26  Cybernetics Core  
  21  1:30  Probe  
  22  1:36  Pylon  
  22  1:43  Probe  
  23  1:55  Probe  
  24  2:02  Stalker  
  24  2:03  Stalker  
  24  2:06  Warp Gate  
  28  2:13  Pylon  
  28  2:37  Nexus  
  28  2:44  Stalker  
  30  2:52  Stalker  
  30  2:58  Probe  
  33  3:09  Pylon  
  33  3:11  Probe (Chrono Boost)  
  34  3:14  Shield Battery  
  35  3:20  Probe (Chrono Boost)  
  35  3:29  Stargate  
  35  3:30  Probe (Chrono Boost)  
  36  3:37  Stargate  
  37  3:42  Probe (Chrono Boost)  
  37  3:47  Probe (Chrono Boost)  
  38  3:52  Probe  
  39  3:57  Probe  
  40  4:04  Assimilator  
  40  4:05  Probe  
  40  4:09  Shield Battery, Probe  
  44  4:17  Probe  
  44  4:21  Phoenix (Chrono Boost), Probe  
  44  4:22  Phoenix (Chrono Boost)  
  48  4:29  Probe  
  49  4:33  Probe  
  49  4:37  Assimilator  
  50  4:39  Phoenix  
  50  4:42  Phoenix, Probe  
  55  4:45  Probe  
  55  4:50  Pylon  
  56  5:01  Probe  
  56  5:03  Probe  
  56  5:05  Phoenix (Chrono Boost)  
  60  5:10  Pylon  
  60  5:14  Phoenix (Chrono Boost)  
  60  5:16  Probe  
  63  5:21  Twilight Council  
  63  5:23  Probe  
  64  5:29  Probe  
  64  5:32  Phoenix (Chrono Boost)  
  64  5:35  Probe  
  68  5:43  Phoenix  
  68  5:47  Probe  
  71  5:52  Nexus  
  71  5:54  Charge (Chrono Boost)  
  71  5:57  Probe  
  71  6:02  Probe  
  73  6:06  Gateway  
  73  6:17  Pylon  
  77  6:23  Forge  
  77  6:26  Pylon  
  71  6:33  Gateway  
  71  6:35  Probe  
  71  6:36  Robotics Facility  
  71  6:37  Pylon  
  72  6:46  Pylon  
  72  6:47  Probe  
  72  6:50  Probe  
  74  6:54  Gateway  
  74  6:59  Probe  
  75  7:02  Zealot  
  75  7:03  Zealot x2, Probe  
  75  7:06  Gateway  
  75  7:07  Probe  
  83  7:11  Probe  
  84  7:17  Probe  
  85  7:23  Observer  
  85  7:25  Photon Cannon  
  85  7:26  Photon Cannon  
  85  7:29  Sentry  
  88  7:30  Zealot x2, Photon Cannon  
  88  7:32  Zealot  
  79  7:45  Immortal  
  69  7:52  Zealot x5  
  78  8:01  Zealot  
  72  8:12  Zealot x5  
  70  8:18  Probe  
Show
View Real Time Build Order
Export as new Build Order

MaxPax Protoss - Winner!

Build Orders: 1 Gate Expand, Proxy Void Ray 

Get SALT Encoding   

  12  0:00  Probe  
  13  0:12  Probe  
  14  0:19  Pylon  
  14  0:24  Probe  
  15  0:37  Probe (Chrono Boost)  
  15  0:39  Gateway  
  16  0:47  Probe (Chrono Boost), Assimilator  
  17  0:52  Probe (Chrono Boost)  
  18  1:04  Probe  
  19  1:16  Probe  
  20  1:25  Nexus  
  20  1:36  Cybernetics Core  
  20  1:39  Probe  
  21  1:47  Assimilator  
  21  1:51  Probe  
  22  1:55  Pylon  
  22  2:03  Probe  
  23  2:13  Stargate  
  23  2:15  Probe  
  24  2:19  Stalker  
  26  2:27  Probe  
  26  2:29  Warp Gate  
  27  2:34  Shield Battery  
  27  2:38  Probe  
  27  2:39  Probe  
  33  2:59  Void Ray (Chrono Boost)  
  33  3:04  Probe, Gateway  
  34  3:07  Probe  
  35  3:19  Probe  
  36  3:20  Shield Battery  
  36  3:31  Void Ray (Chrono Boost), Probe  
  40  3:36  Stalker  
  42  3:41  Pylon  
  42  3:47  Pylon  
  42  3:51  Probe x2  
  44  4:02  Oracle (Chrono Boost)  
  48  4:13  Shield Battery, Probe x2, Pylon  
  49  4:18  Stalker  
  49  4:22  Stalker  
  53  4:27  Pylon  
  53  4:36  Probe x2, Gateway  
  55  4:42  Stalker  
  57  4:45  Stalker  
  57  4:48  Probe  
  57  4:50  Probe  
  61  4:57  Assimilator  
  61  4:59  Twilight Council  
  61  5:01  Probe  
  61  5:05  Stalker  
  64  5:10  Pylon  
  64  5:14  Gateway  
  64  5:15  Probe  
  64  5:17  Probe  
  66  5:22  Assimilator  
  66  5:23  Blink (Chrono Boost)  
  66  5:27  Forge  
  66  5:29  Stalker  
  66  5:33  Probe x2  
  70  5:45  Stalker  
  70  5:47  Pylon  
  72  5:55  Stalker  
  73  5:59  Probe (Chrono Boost)  
  73  6:01  Stalker  
  73  6:02  Probe (Chrono Boost)  
  71  6:11  Probe (Chrono Boost)  
  71  6:15  Probe (Chrono Boost), Stalker x2  
  71  6:16  Probe (Chrono Boost)  
  77  6:22  Dark Shrine  
  77  6:23  Probe  
  78  6:26  Probe  
  79  6:34  Stalker  
  79  6:36  Probe  
  79  6:39  Probe, Pylon  
  83  6:45  Stalker  
  85  6:52  Photon Cannon  
  85  6:53  Probe  
  83  6:59  Pylon  
  84  7:05  Stalker x2  
  87  7:08  Stalker  
  87  7:13  Stalker  
  90  7:23  Robotics Facility, Probe  
  91  7:38  Probe  
  91  7:40  Probe  
  93  7:50  Probe  
  82  7:52  Stalker x4  
  82  7:54  Nexus  
  82  7:57  Probe  
  91  8:04  Probe  
  92  8:12  Probe  
  91  8:16  Probe  
  90  8:26  Stalker x4  
Tags
 
Add a new tag
Caveats
  • Supply blocks, unpowered buildings, or Contaminate may cause inaccurate times.
  • Supply counts are checked every 10 seconds.